 Dungeon Crawl Stone Soup version 0.28.0-49-g6dfe1f597d (webtiles) character file.

Game seed: 11931894040444719422

11592 Zeld the Fighter (level 11, -27/160 HPs)
             Began as a Minotaur Berserker on May 20, 2022.
             Was a High Priest of Trog.
             Killed from afar by a deep elf pyromancer (52 damage)
             ... with a bolt of fire
             ... on level 8 of the Dungeon.
             The game lasted 00:09:43 (13780 turns).

Zeld the Fighter (Minotaur Berserker)              Turns: 13780, Time: 00:09:44

Health: -27/160    AC:  4    Str: 32    XL:     11   Next: 51%
Magic:  10/10      EV: 15    Int:  4    God:    Trog [*****.]
Gold:   621        SH:  0    Dex: 11    Spells: 10/10 levels left

rFire   x . .      SeeInvis .   a - +2 hand axe (venom)
rCold   . . .      Faith    .   (no shield)
rNeg    + . .      Spirit   .   b - +0 animal skin
rPois   .          Reflect  .   (helmet restricted)
rElec   .          Harm     .   (no cloak)
rCorr   .          Rampage  .   (no gloves)
Will    +....                   u - +0 pair of boots
Stlth   ..........              (no amulet)
HPRegen 0.36/turn               x - ring of Waetiqur {rF- rN+ Will+ Str+7}
MPRegen 0.12/turn               (no ring)

@: berserking, on fire, glowing, very quick
A: horns 2, retaliatory headbutt
a: Renounce Religion, Berserk, Trog's Hand, Brothers in Arms


You were on level 8 of the Dungeon.
You worshipped Trog.
Trog was extremely pleased with you.
You visited 2 branches of the dungeon, and saw 13 of its levels.

You collected 621 gold pieces.

Inventory:

Hand Weapons
 a - a +2 hand axe of venom (weapon)
 s - a +0 war axe
Armour
 b - a +0 animal skin (worn)
 u - a +0 pair of boots (worn)
Jewellery
 x - the ring of Waetiqur (left hand) {rF- rN+ Will+ Str+7}
   (You found it on level 6 of the Dungeon)

   [ring of willpower]

   Str:       It affects your strength (+7).
   rF:        It makes you vulnerable to fire.
   rN:        It protects you from negative energy.
   Will:      It increases your willpower.
Wands
 e - a wand of paralysis (8)
 j - a wand of iceblast (8)
 y - a wand of flame (22)
 C - a wand of acid (2)
Scrolls
 c - a scroll of brand weapon {unknown}
 d - 5 scrolls of teleportation {unknown}
 l - 2 scrolls of identify {unknown}
 m - 2 scrolls of noise {unknown}
 n - a scroll of vulnerability {unknown}
 q - a scroll of amnesia {unknown}
 r - 2 scrolls of acquirement {unknown}
 t - 2 scrolls of fog {unknown}
 D - a scroll of fear {unknown}
Potions
 f - a potion of curing {unknown}
 g - a potion of berserk rage {unknown}
 h - 2 potions of cancellation {unknown}
 i - 2 potions of mutation {unknown}
 k - 4 potions of degeneration {unknown}
 o - 3 potions of haste {unknown}
 p - 3 potions of magic {unknown}
 v - 2 potions of attraction {unknown}
 w - a potion of brilliance {unknown}
 z - 4 potions of heal wounds
 A - a potion of might
 B - a potion of invisibility {unknown}


   Skills:
 * Level 13.2 Fighting
 * Level 13.1 Axes
 + Level 9.4 Armour
 + Level 8.5 Dodging


You had 10 spell levels left.
You didn't know any spells.
Your spell library was empty.

Dungeon Overview and Level Annotations

Branches:
Dungeon (12/15)            Temple (1/1) D:5             Orc (0/2) D:11
   Lair: D:8-11

Altars:
Ashenzari
Cheibriados
Dithmenos
Elyvilon
Fedhas
Gozag
Hepliaklqana
Kikubaaqudgha
Nemelex Xobeh
Okawaru
Qazlal
Ru
Sif Muna
Trog
Uskayaw
Vehumet
Wu Jian
Xom
Yredelemnul
Zin
Beogh

Annotations:
D:9 1 transporter, joe1234567's ghost, novice VSFi


Innate Abilities, Weirdness & Mutations

You have a pair of horns on your head.
You reflexively headbutt those who attack you in melee.


Message History

You slash the fire elemental!
Your headbutt misses the fire elemental.
The fire elemental is severely damaged.
You closely miss the deep elf pyromancer.
The fire elemental hits you. The fire elemental burns you!
The fire burns you terribly!
The deep elf pyromancer gestures at you while chanting.
The sticky flame hits you! The fire burns you terribly!
You are covered in liquid flames!
* * * LOW HITPOINT WARNING * * *
You are too injured to fight recklessly!
Unknown command.
You are too injured to fight recklessly!
A red film seems to cover your vision as you go berserk!
You feel yourself moving faster!
You feel mighty!
You are covered in liquid flames!
* * * LOW HITPOINT WARNING * * *
The fire elemental barely misses you.
The deep elf pyromancer mumbles some strange words.
You closely miss the deep elf pyromancer.
You slash the fire elemental! You closely miss the fire elemental.
You are covered in liquid flames!
* * * LOW HITPOINT WARNING * * *
The fire elemental barely misses you.
Unknown command.
You slash the deep elf pyromancer!
The deep elf pyromancer looks as sick as possible!
Your headbutt misses the deep elf pyromancer.
The deep elf pyromancer is moderately wounded.
You closely miss the fire elemental. You slash the fire elemental!
You feel the power of Trog in you as your rage grows.
You destroy the fire elemental!
The fire elemental disappears in a puff of smoke!
You are covered in liquid flames!
The fire elemental hits you. The fire elemental burns you!
The fire burns you terribly!
* * * LOW HITPOINT WARNING * * *
The deep elf pyromancer casts a spell at you.
The bolt of fire hits you!!! The fire burns you terribly!
You die...

.# ## ...####
##.##....####
#+...+#.Q##≈#########
##....E####≈≈≈##......
#....§e.##≈≈≈≈≈##..###
#..E@.####≈≈≈##...#
#+...'#..##≈##....#
##.##....###....(# ..
.###.....##......#
.....
..###....##.......###
.....
..##.##..#'...........
.....
###...####............
.....
#..§..##.....'#######
.....
###...##......#.......


You could see a deep elf pyromancer (extremely poisoned) and 2 fire elementals.

Vanquished Creatures
  A boulder beetle (D:12)
  Erica (D:9)
  2 two-headed ogres
  A cyclops (D:11)
  Psyche (D:8)
  A kobold demonologist (D:11)
  2 hornets
  Grinder (D:3)
  Sigmund (D:2)
  A wraith (D:11)
  Eustachio (D:5)
  A wyvern (D:8)
  19 yaks
  A steam dragon (D:8)
  Menkaure (D:6)
  3 water moccasins
  A sky beast (D:7)
  An ice beast (D:4)
  3 orc warriors
  7 black bears
  A necrophage (D:4)
  2 ogres
  A centaur (D:6)
  3 phantoms
  3 kobold brigands
  2 scorpions
  7 wights
  A howler monkey (D:5)
  2 centaur zombies
  4 hounds
  4 jellies
  A centaur skeleton (D:7)
  7 orc priests
  A bullfrog skeleton (D:5)
  6 iguanas
  Natasha (thrice) (D:2)
  9 orc wizards
  A hound skeleton (D:5)
  2 howler monkey zombies
  Robin (D:2)
  A howler monkey skeleton (D:7)
  4 adders
  7 gnolls
  2 shadow imps (D:6)
  An adder skeleton (D:2)
  An adder zombie (D:2)
  3 worms
  4 dart slugs
  25 orcs
  7 ball pythons
  5 bats
  2 bat skeletons (D:2)
  6 endoplasms
  3 giant cockroaches
  23 goblins
  6 hobgoblins
  4 jackals (D:3)
  A quokka (D:4)
  3 frilled lizards (D:1)
  18 kobolds
  A quokka zombie (D:2)
  4 rats (D:1)
242 creatures vanquished.

Vanquished Creatures (others)
  A kobold brigand (D:8)
1 creature vanquished.

Grand Total: 243 creatures vanquished

Notes
Turn   | Place    | Note
-------+----------+-------------------------------------------
     0 | D:1      | Zeld the Minotaur Berserker began the quest for the Orb.
     0 | D:1      | Reached XP level 1. HP: 19/19 MP: 0/0
   276 | D:1      | Reached XP level 2. HP: 22/27 MP: 1/1
  1036 | D:2      | Reached XP level 3. HP: 28/33 MP: 2/2
  1043 | D:2      | Reached ** piety under Trog
  1124 | D:2      | Noticed Robin
  1125 | D:2      | Noticed Sigmund
  1147 | D:2      | HP: 1/51 [Robin/+1 trident of freezing (2)]
  1148 | D:2      | Killed Sigmund
  1149 | D:2      | Reached skill level 5 in Fighting
  1149 | D:2      | Reached skill level 5 in Axes
  1149 | D:2      | Reached XP level 4. HP: 1/42 MP: 3/3
  1149 | D:2      | Reached XP level 5. HP: 1/48 MP: 4/4
  1150 | D:2      | Killed Robin
  1780 | D:2      | Found a faded altar of an unknown god.
  1865 | D:2      | Noticed Natasha
  1870 | D:2      | Killed Natasha
  1871 | D:2      | Reached XP level 6. HP: 56/56 MP: 5/5
  2131 | D:2      | Noticed Natasha
  2139 | D:2      | Killed Natasha
  2329 | D:2      | Noticed Natasha
  2338 | D:2      | Killed Natasha
  2378 | D:2      | Found a faded altar of an unknown god.
  2701 | D:3      | Reached *** piety under Trog
  2714 | D:3      | Found a sacrificial altar of Ru.
  3907 | D:3      | Noticed Grinder
  3915 | D:3      | Paralysed by Grinder for 3 turns
  3919 | D:3      | Killed Grinder
  3920 | D:3      | Reached XP level 7. HP: 64/64 MP: 6/6
  4860 | D:4      | Reached skill level 5 in Armour
  5023 | D:4      | Reached XP level 8. HP: 52/73 MP: 7/7
  5623 | D:4      | Reached **** piety under Trog
  5929 | D:5      | Entered Level 5 of the Dungeon
  5932 | D:5      | Noticed a hornet
  5937 | D:5      | Killed a hornet
  5938 | D:5      | Reached skill level 5 in Dodging
  6208 | D:5      | Noticed Eustachio
  6262 | D:5      | Killed Eustachio
  6401 | D:5      | Reached XP level 9. HP: 73/83 MP: 8/8
  6771 | D:5      | Found a shimmering blue altar of Sif Muna.
  7011 | D:5      | Found a staircase to the Ecumenical Temple.
  7187 | Temple   | Entered the Ecumenical Temple
  7358 | D:6      | Identified the ring of Waetiqur {rF- rN+ Will+ Str+7}
  7424 | D:6      | Noticed Menkaure
  7432 | D:6      | Killed Menkaure
  8383 | D:6      | Reached skill level 10 in Fighting
  8511 | D:7      | Reached skill level 10 in Axes
  8693 | D:7      | Reached ***** piety under Trog
  9076 | D:7      | Reached XP level 10. HP: 84/94 MP: 9/9
  9119 | D:7      | Found a broken altar of Ashenzari.
  9146 | D:7      | Found a white marble altar of Elyvilon.
  9339 | D:8      | Noticed Psyche
  9647 | D:8      | Killed Psyche
 10031 | D:8      | You fall into a shaft and drop 3 floors!
 10115 | D:11     | Found a staircase to the Orcish Mines.
 10116 | D:11     | Noticed a cyclops
 10133 | D:11     | Killed a cyclops
 10688 | D:11     | Noticed a boulder beetle
 10689 | D:11     | Noticed a two-headed ogre
 10696 | D:11     | Noticed a two-headed ogre
 10741 | D:12     | Killed a boulder beetle
 10986 | D:12     | Killed a two-headed ogre
 11468 | D:11     | Noticed a smoke demon
 11857 | D:11     | Reached XP level 11. HP: 95/105 MP: 10/10
 11997 | D:11     | Killed a two-headed ogre
 12244 | D:10     | Entered Level 10 of the Dungeon
 12279 | D:10     | Found a shimmering altar of Xom.
 12340 | D:9      | Found a transporter.
 12340 | D:9      | Found a stormy altar of Qazlal.
 12404 | D:9      | Noticed joe1234567's ghost (novice VSFi)
 12421 | D:9      | Noticed Erica
 12433 | D:9      | Killed Erica
 13249 | D:8      | Found a blossoming altar of Fedhas.
 13250 | D:8      | Found a bloodstained altar of Trog.
 13769 | D:8      | Noticed a deep elf pyromancer
 13780 | D:8      | Killed from afar by a deep elf pyromancer

Illustrated notes

Levels and vault maps discovered:
D:1:      minmay_arrival_wavy_path, layout_loops_ring
D:2:      layout_basic, dreamdust_ecumenical_altar_angels_and_demons,
          serial_undead, serial_undead_c, serial_undead_a, serial_undead_d,
          serial_undead_d, serial_undead_a, hangedman_decor_growths,
          minivault_14, minmay_pentomino_pile, uniq_sigmund, uniq_natasha,
          uniq_robin
D:3:      layout_rooms, nicolae_ru_sacrificial_ziggurat, uniq_grinder
D:4:      layout_cave_pods
D:5:      layout_basic, led_sif_book, temple_fountains, uniq_eustachio
D:6:      layout_basic, st_stairs_4, minmay_large_rounded_square,
          nicolae_concentric_dashed_squares_mild, kennysheep_small_square,
          uniq_menkaure
D:7:      layout_rooms, elyvilon_altar_4, mainiacjoe_overflow_alcove_2
D:8:      corexii_shack_village, layout_basic, jmf_multi_god_temple,
          dilly_guarded_unrand_elemental_staff, uniq_psyche
D:9:      layout_loops_cross, bloody_makhleb, mainiacjoe_overflow_cross_hatched,
          gammafunk_ghost_stat_death, kennysheep_generic_room_13, uniq_erolcha,
          uniq_erica, uniq_maurice, uniq_joseph
D:10:     layout_basic, dk_xom_monty_hall, general_overflow_altar,
          minmay_lair_entry_grove, hex_large
D:11:     layout_cave_pools, minmay_orc_entry_temple_small
D:12:     minmay_the_grid_octo_tiled_squarecenter [minmay_the_grid_octo_77,
          minmay_the_grid_octo_empty, minmay_the_grid_octo_focus,
          minmay_the_grid_octo_checkerflower,
          minmay_the_grid_square_5x5_megaprize_hollow,
          minmay_the_grid_square_5x5_inner_i,
          minmay_the_grid_square_5x5_inner_z,
          minmay_the_grid_square_5x5_misaligned,
          minmay_the_grid_square_5x5_two_walls_a], layout_basic,
          lemuel_old_faithful
Temple:   nicolae_temple_hex_pool

Skill      XL: |  1  2  3  4  5  6  7  8  9 10 11 |
---------------+----------------------------------+-----
Fighting       | 4 5 6 7 9 10 12 13 | 13.2
Axes           | 4 5 6 7 8 10 12 13 | 13.1
Armour         | 3 4 5 6 7 8 9 |  9.4
Dodging        | 3 4 5 6 7 8 |  8.5

Action                   |  1- 3 |  4- 6 |  7- 9 | 10-12 || total
-------------------------+-------+-------+-------+-------++-------
Melee: Hand axe          |    76 |   109 |   247 |   200 ||   632
       Headbutt          |     9 |    16 |    58 |    54 ||   137
       Punch             |     1 |       |       |     3 ||     4
Invok: Berserk           |     1 |     1 |     5 |    11 ||    18
       Trog's Hand       |       |       |       |     1 ||     1
 Stab: Sleeping          |       |       |     1 |       ||     1
Armor: Animal skin       |    26 |    20 |    29 |    21 ||    96
Dodge: Dodged            |    52 |    67 |   166 |   137 ||   422
